 Dungeon Crawl Stone Soup version 0.20.1-1-g8b1a95d (webtiles) character file.

420 wrentha the Magician (level 6, -6/32 HPs)
             Began as a Deep Elf Wizard on Dec 8, 2017.
             Mangled by an orc
             ... wielding a +0 morningstar
              (8 damage)
             ... on level 4 of the Dungeon.
             The game lasted 00:45:48 (5023 turns).

wrentha the Magician (Deep Elf Wizard)              Turns: 5023, Time: 00:45:49

Health: -6/32      AC:  4    Str:  4    XL:     6   Next: 62%
Magic:  8/18       EV: 12    Int: 25    God:
Gold:   168        SH:  0    Dex: 13    Spells: 9/20 levels left

rFire    . . .     SeeInvis .   H - +0 blowgun
rCold    . . .     Gourm    .   (no shield)
rNeg     + . .     Faith    .   E - +0 leather armour
rPois    .         Spirit   .   g - +0 helmet
rElec    .         Reflect  .   (no cloak)
rCorr    .         Harm     .   (no gloves)
MR       .....                  (no boots)
Stlth    ++........             (no amulet)
Regen    0.1/turn               v - ring of wizardry
MPRegen  0.2/turn               r - ring of positive energy

@: very slightly contaminated
A: no striking features
a: no special abilities


You were on level 4 of the Dungeon.
You were very hungry.

You visited 1 branch of the dungeon, and saw 4 of its levels.

You collected 168 gold pieces.

Inventory:

Hand Weapons
 l - a +1 whip of venom
 A - a +0 short sword
 H - a +0 blowgun (weapon)
 J - a +0 quarterstaff
Missiles
 j - 25 sling bullets
 k - 156 stones
 n - 27 poisoned needles (quivered)
 D - 46 arrows
 F - 9 tomahawks
Armour
 g - a +0 helmet (worn)
 x - a +0 pair of gloves
 E - a +0 leather armour (worn)
Jewellery
 i - an uncursed ring of protection from cold
 r - a ring of positive energy (right hand)
 v - a ring of wizardry (left hand)
Wands
 o - a wand of random effects (4/48)
Scrolls
 e - 5 scrolls of identify {unknown}
 m - 2 scrolls of remove curse
 t - 2 scrolls of fog {unknown}
 u - a scroll of noise {unknown}
 y - a scroll of recharging {unknown}
 C - 2 scrolls of teleportation {unknown}
 G - a scroll of random uselessness {unknown}
Potions
 a - a potion of mutation {unknown}
 b - a potion of ambrosia {unknown}
 q - a potion of haste {unknown}
 w - 2 potions of agility {unknown}
 z - a potion of curing {unknown}
 B - 3 potions of lignification {unknown}
 I - a potion of berserk rage {unknown}
Books
 c - a book of Minor Magic

   Spells                             Type                      Level
   a - Magic Dart                     Conjuration                  1
   b - Blink                          Translocation                2
   c - Call Imp                       Summoning                    2
   d - Slow                           Hexes                        2
   e - Conjure Flame                  Conjuration/Fire             3
   f - Mephitic Cloud                 Conjuration/Poison/Air       3
Comestibles
 d - 2 bread rations
 h - 2 royal jellies
 s - 19 fruits


   Skills:
 - Level 0.2 Throwing
 + Level 3.2 Dodging
 - Level 2.5 Stealth
 + Level 7.6 Spellcasting
 + Level 1.9 Conjurations
 + Level 2.1 Hexes
 + Level 3.2 Summonings
 + Level 1.2 Translocations
 * Level 1.4 Fire Magic
 * Level 1.4 Poison Magic


You had 9 spell levels left.
You knew the following spells:

 Your Spells              Type           Power        Failure   Level  Hunger
a - Magic Dart            Conj           ###.         1%          1    None
b - Blink                 Tloc           N/A          4%          2    None
c - Call Imp              Summ           ####....     1%          2    None
e - Mephitic Cloud        Conj/Pois/Air  ###.....     9%          3    None
f - Conjure Flame         Conj/Fire      ###.....     7%          3    None


Dungeon Overview and Level Annotations

Branches:
Dungeon (4/15)
 Temple: D:4-7

Altars:
Ashenzari
Cheibriados
Dithmenos

Annotations:
D:4 Grinder


Message History

You are very lightly contaminated with residual magic.
Nothing appears to happen.
The giant cockroach bites you but does no damage.
The orc throws a stone.
The stone closely misses you.
The stone barely misses the giant cockroach.
The orc barely misses you.
The giant cockroach completely misses you.
As you read the scroll labeled CUYFOO DEIFF, it crumbles to dust.
You feel blessed for a moment.
It was a scroll of remove curse.
The orc hits you but does no damage. The orc hits you with a morningstar.
* * * LOW HITPOINT WARNING * * *
The kobold hits you with a club.
* * * LOW HITPOINT WARNING * * *
The giant cockroach bites you but does no damage.
As you read the scroll labeled JOISKI FAHIYRR, it crumbles to dust.
It is a scroll of amnesia.
Forget which spell ([?*] list [ESC] exit)?
Your memory of Slow unravels.
The orc closely misses you. The orc hits you with a morningstar!
You die...

..........................oo.....
≈.≈.≈≈.≈≈≈......≈≈≈.≈≈≈≈.≈≈.≈....
≈≈≈≈≈≈≈≈≈≈≈≈≈≈≈≈≈≈≈≈≈≈≈≈≈≈≈≈≈....
≈≈≈≈≈≈≈≈≈≈≈≈≈≈≈≈≈≈≈≈≈≈≈≈≈≈≈≈≈..)(
≈#####≈≈≈≈≈≈≈≈≈≈≈≈≈≈≈≈≈≈≈≈≈≈≈...)
≈# #########################o)#
≈# #.........K....#... #..). #.
#.......K.o....K... #....
#'##...o(K.KKs@Wo.#########.(..
#K?...K########oK........#K....
#.....(# #K5.......K'.....
#.....K########........o.#K....
#+##..K........K..#########....
#.....K...K....'...... #....
#..............#...... #.W..
###################### #####


You could see Grinder, a phantom, 4 orcs, a giant cockroach and 9 kobolds.

Vanquished Creatures
  A phantom (D:4)
  2 scorpions (D:4)
  A bullfrog zombie (D:4)
  Jessica (D:3)
  An orc wizard (D:4)
  A gnoll (D:4)
  3 adders
  A dart slug (D:1)
  A leopard gecko (D:2)
  6 orcs
  A giant cockroach (D:4)
  6 goblins
  2 hobgoblins
  4 bats
  2 frilled lizards (D:2)
  10 kobolds
  6 rats
49 creatures vanquished.

Vanquished Creatures (collateral kills)
  An iguana (D:4)
  An orc wizard (D:4)
  A worker ant (D:4)
  2 gnolls (D:4)
  4 adders
  An ooze (D:3)
  3 worms
  2 dart slugs
  6 orcs
  A bat (D:2)
  A giant cockroach (D:3)
  A goblin (D:3)
  A frilled lizard (D:3)
  A kobold (D:3)
  A rat (D:3)
27 creatures vanquished.

Grand Total: 76 creatures vanquished

Notes
Turn   | Place    | Note
-------+----------+-------------------------------------------
     0 | D:1      | wrentha the Deep Elf Wizard began the quest for the Orb.
     0 | D:1      | Reached XP level 1. HP: 10/10 MP: 7/7
   365 | D:1      | Reached XP level 2. HP: 15/15 MP: 6/9
   780 | D:2      | Reached skill level 5 in Spellcasting
   859 | D:2      | Learned a level 2 spell: Blink
   862 | D:2      | Learned a level 2 spell: Call Imp
   865 | D:2      | Learned a level 2 spell: Slow
   914 | D:2      | Reached XP level 3. HP: 17/19 MP: 4/11
  1973 | D:3      | Found a snail-covered altar of Cheibriados.
  2051 | D:3      | Reached skill level 6 in Spellcasting
  2051 | D:3      | Reached XP level 4. HP: 24/24 MP: 0/14
  2164 | D:3      | Learned a level 3 spell: Mephitic Cloud
  2168 | D:3      | Learned a level 3 spell: Conjure Flame
  2189 | D:3      | Noticed Jessica
  2197 | D:3      | Killed Jessica
  2307 | D:3      | Noticed Grinder
  2794 | D:3      | Reached skill level 1 in Hexes
  3158 | D:3      | Found a shadowy altar of Dithmenos.
  3339 | D:4      | Reached XP level 5. HP: 17/28 MP: 9/16
  4217 | D:4      | Reached skill level 7 in Spellcasting
  4217 | D:4      | Reached XP level 6. HP: 32/32 MP: 1/18
  4391 | D:4      | Found a shattered altar of Ashenzari.
  4812 | D:4      | Reached skill level 1 in Fire Magic
  4913 | D:4      | Reached skill level 1 in Poison Magic
  4943 | D:4      | Paralysed by Grinder for 4 turns
  4976 | D:4      | Paralysed by Grinder for 3 turns
  5023 | D:4      | Mangled by an orc

Skill      XL: |  1  2  3  4  5  6 |
---------------+-------------------+-----
Spellcasting   | 5 6 7 |  7.6
Dodging        | 3 |  3.2
Summonings     | 2 3 |  3.2
Hexes          | 1 2 |  2.1
Fire Magic     | 1 |  1.4
Poison Magic   | 1 |  1.4
Throwing       | |  0.2
Stealth        | |  2.5
Conjurations   | |  1.9
Translocations | |  1.2

Action                   |  1- 3 |  4- 6 || total
-------------------------+-------+-------++-------
Melee: Whip              |       |     4 ||     4
       Blowgun           |       |     1 ||     1
 Fire: Blowgun           |       |     9 ||     9
Throw: Stone             |       |    14 ||    14
 Cast: Magic Dart        |    51 |    84 ||   135
       Call Imp          |    18 |    39 ||    57
       Slow              |     2 |     6 ||     8
       Blink             |     1 |    10 ||    11
       Conjure Flame     |       |     9 ||     9
       Mephitic Cloud    |       |     3 ||     3
  Use: Scroll            |       |     2 ||     2
  Eat: Chunk             |     3 |     7 ||    10
       Fruit             |       |     1 ||     1
Armor: Leather armour    |     5 |    25 ||    30
Dodge: Dodged            |     7 |    46 ||    53
